Celery, lawful female human Valkyrie ----------- V |.........| |.....%...|----H |..^.<....-...f |.........|--.|V| |.........| |.@.| ----------- ----- Celery the Woman-at-arms Experience level: 10 Strength: 17 Dexterity: 13 Constitution: 18 Intelligence: 9 Wisdom: 13 Charisma: 7 Health: 0(114) Energy: 33(33) AC: -3 Gold: 0 Moves: 9724 Your Inventory: Amulets N - an uncursed amulet of ESP (being worn) Weapons a - the blessed rustproof +2 Excalibur (weapon in hand) b - 12 uncursed +0 daggers g - 10 [uncursed +0 thirsty] darts (in quiver) R - 3 uncursed [+0] darts of detonation Armor c - a blessed +3 small shield (being worn) r - an uncursed +0 helmet (being worn) t - an uncursed [+0] mummy wrapping y - an uncursed +0 leather armor (being worn) A - an uncursed +0 pair of low boots (being worn) C - an uncursed burnt +0 pair of leather gloves (being worn) V - an uncursed +0 cloak of invisibility (being worn) Comestibles d - 5 uncursed food rations h - an [uncursed] cram ration i - an uncursed melon l - an [uncursed] pear p - an uncursed tripe ration Scrolls S - an [uncursed] scroll labeled ELBIB YLOH [of confuse monster] Spellbooks U - a [cursed] stapled spellbook [of teleport away] Rings j - an uncursed +1 ring of protection (on left hand) J - an uncursed +1 ring of increase damage (on right hand) Y - an [uncursed] copper ring [of poison resistance] Wands Q - an uncursed wand of magic missile [0:4] X - an [uncursed] spiked wand [of undead turning (0:7)] Tools e - an uncursed [+0] unicorn horn o - an [uncursed] towel q - an uncursed [oil] lamp (0:40) s - an uncursed bag [sack] w - an uncursed magic whistle x - an [uncursed +0] pick-axe [of stealth] (alternate weapon; not wielded) H - an uncursed key [skeleton key] Gems f - 5 uncursed orange gems [worthless glass] k - 5 uncursed white gems [worthless glass] v - an uncursed violet gem [amethyst] D - an uncursed gray stone [luckstone] E - an uncursed yellow gem [worthless glass] F - 2 uncursed black gems [worthless glass] G - an uncursed yellowish brown gem [amber] I - an [uncursed] red gem [worthless glass] K - 3 uncursed blue gems [worthless glass] O - 2 uncursed green gems [aquamarine] T - 2 uncursed red gems [ruby] Contents of the sack: 944 gold pieces 2 uncursed scrolls called remove curse [of remove curse] 2 uncursed scrolls of destroy armor 2 uncursed scrolls of teleportation a [blessed] scroll of teleportation an uncursed clear potion [of water] an uncursed potion of paralysis an [uncursed] wand of speed monster [0:2] an [uncursed] magic whistle Spells known in the end: Name Level Category Fail Memory a - detect food 2 divination 86% [|||||||.] b - knock 1 matter 78% [|||||||.] c - cure sickness 3 healing 100% [|||||||.] Your skills at the end: Fighting Skills body armor [Basic / Skilled] shield [Skilled / Expert] Weapon Skills dagger [Basic / Expert] long sword [Skilled / Expert] Spellcasting Skills Final Attributes: You were piously aligned. Hunger level was 806. Your alignment was 58 / 58. Monster difficulty range was 1 - 10. Level difficulty was 11. You were immune to cold. You resisted sleep. You were immune to level-drain. You saw invisible. You were telepathic. You had automatic searching. You were invisible to others. You were stealthy. You had a +1 damage bonus. You were protected. You were fast. You were lucky (3). You had extra luck. Bad luck did not time out for you. Good luck did not time out for you. You are dead. Vanquished creatures: a large mimic 2 stalkers a warg a small mimic a quantum mechanic a troll a gelatinous cube a shocking sphere a large cat a dwarf king a python a carnivorous ape 3 watchmen a giant beetle a cockatrice a spotted jelly 2 giant spiders 2 scorpions a lizard 3 dingos 3 housecats a dwarf lord a gray unicorn a raven a plains centaur 2 gnome mummies 2 snakes 2 human zombies a rope golem a soldier ant a snow ant a wood nymph a water nymph 2 Mordor orcs 2 Uruk-hai an enormous rat a rock mole a fog cloud 13 gnome lords 3 gnomish wizards a kobold mummy a golden naga hatchling 3 gray oozes 2 wax golems 2 giant ants a little dog a floating eye 2 kittens 13 dwarves a homunculus 3 kobold lords a kobold shaman 14 hill orcs a rothe 2 rabid rats 3 giant bats a monkey 4 dwarf zombies 2 iguanas 2 coyotes a gas spore 4 hobbits 10 manes a large kobold 4 giant rats 3 cave spiders 2 brown molds a yellow mold a green mold a red mold 66 gnomes 5 garter snakes 4 gnome zombies 6 geckos 11 jackals 6 foxes a kobold a goblin 6 sewer rats 10 grid bugs 2 bats 3 lichens 3 kobold zombies 9 newts 289 creatures vanquished. Voluntary challenges: You used a wielded weapon 282 times. You read items or engraved 17 times. You put on armor 29 times. You never genocided any monsters. You never polymorphed an object. You never changed form. You used no wishes. You never wrote Elbereth's name. You never encountered a bones level. You never used any Sokoban shortcuts. Dungeon overview: The Dungeons of Doom: levels 1 to 4 Level 1 a long staircase Level 3 a general store stairs to The Gnomish Mines The Gnomish Mines: levels 4 to 11 Level 4 stairs to The Dungeons of Doom Level 7 many shops, a temple, a magic chest, some fountains Level 11 <- You were here History has recorded: On T:1 you entered the Dungeons of Doom to retrieve the Amulet of Yendor! On T:704 you advanced to experience level 2. On T:887 you reached level 2 of The Dungeons of Doom. On T:1038 you advanced to experience level 3. On T:1735 you advanced to experience level 4. On T:2151 you reached level 3 of The Dungeons of Doom. On T:2183 you advanced to experience level 5. On T:3485 you advanced to experience level 6. On T:3758 you reached level 4 of The Dungeons of Doom. On T:4216 you reached level 1 of The Gnomish Mines. On T:4217 you advanced to experience level 7. On T:4389 you reached level 2 of The Gnomish Mines. On T:5208 you advanced to experience level 8. On T:5789 you reached level 3 of The Gnomish Mines. On T:6461 you reached level 4 of The Gnomish Mines. On T:6680 you advanced to experience level 9. On T:7668 you reached level 5 of The Gnomish Mines. On T:8063 you reached level 7 of The Gnomish Mines. On T:8572 you reached level 6 of The Gnomish Mines. On T:8859 you advanced to experience level 10. On T:9592 you reached level 8 of The Gnomish Mines. Latest messages: [HP-7=9] [36 turns] The vampire hits! The vampire bites! Your blood is being drained! [HP-7=2] [HP+1=3] The magical dart hits the vampire. [HP+1=4] Taco picks up a dwarvish cloak. You stop. Taco is in the way! [HP+1=5] The vampire hits! The vampire bites! Your blood is being drained! The vampire hits! The vampire misses. [HP-4=1] You hit the vampire! You hear some noises. The vampire hits! You die... Final status: Farvel Celery the Valkyrie... You died in The Gnomish Mines on dungeon level 11 with 14274 points, and 944 pieces of gold, after 9724 moves. You were level 10 with a maximum of 114 hit points when you died.